AoeStats
← 笨狸特爱玩

Fortress

508829922Analyzed
4v4 RM · 9d ago on Sep 24, 2026· 15m 43s· 8 players
Game mode
Random Map
Map size
Huge
Population
200
Speed
Normal
Resources
Standard
Victory
Conquest
Starting age
Dark Age
Ending age
Imperial Age
RankedLock teamsTeams togetherTeam positionsShared explorationLock speedFull tech treeHidden civsTurbo modeCheats
Victory
Defeat
🇧🇪 Danes · Belgium
1357
+12
🇳🇴 Vietnamese · Norway
1296
+15
🇸🇮 Cumans · Slovenia
1209
+18
🇩🇪 Franks · Germany
1118
+23
🇺🇸 Teutons · United States
1304
-18
🇪🇸 Celts · Spain
1291
-18
🇫🇷 Poles · France
1236
-16
🇨🇳 Georgians · China
1232
-16
笨狸特爱玩
Sauri17
SlyFever
JoN
Jonsiboi
7:47 Feudal Age
11:16 Castle Age
9:37 Double-Bit Axe
11:07 Loom
13:02 Wheelbarrow
11:50 Man-at-Arms
12:38 Squires
12:55 Forging
14:10 Bow Saw
13:43 Horse Collar
KIV_Amir
6:40 Loom
10:52 Feudal Age
14:49 Castle Age
12:59 Double-Bit Axe
14:16 Gold Mining
Ultrakiller
Mikelele
8:24 Feudal Age
9:08 Double-Bit Axe
11:35 Fletching
Connection lost

Rejoining the realm…

Still unreachable

The connection could not be restored.

Session expired

The server has moved on; the page needs a fresh start.